 Dungeon Crawl Stone Soup version 0.29.1-13-g9f3cf754e1 (webtiles) character file.

Game seed: 7137185106609682376

447 booth the Magician (level 7, 0/50 HPs)
             Began as a Djinni Conjurer on Feb 10, 2023.
             Slain by a gnoll
             ... wielding a +0 flail
              (7 damage)
             ... on level 5 of the Dungeon on Feb 12, 2023.
             The game lasted 00:40:30 (5019 turns).

booth the Magician (Djinni Conjurer)                Turns: 5019, Time: 00:40:31

Health: 0/50       AC:  3    Str: 14    XL:     7   Next: 24%
Gold:   188        EV: 12    Int: 19    God:
                   SH:  0    Dex: 12

rFire   + + .      SeeInvis +   (no weapon)
rCold   x . .      Faith    .   (no shield)
rNeg    . . .      Spirit   .   a - +0 robe
rPois   ∞          Reflect  .   (no helmet)
rElec   .          Harm     .   (no cloak)
rCorr   .          Rampage  .   f - +0 pair of gloves
Will    .....                   (boots unavailable)
Stlth   ++........              (no amulet)
HPRegen 0.16/turn               b - ring of see invisible
MPRegen 0.00/turn               q - +6 ring of strength

@: flying
A: sickness immunity, fire resistance 2, cold vulnerability 1, float, innate
caster, HP casting, extra vitality 1
a: no special abilities


You were on level 5 of the Dungeon.
You visited 1 branch of the dungeon, and saw 5 of its levels.

You collected 188 gold pieces.

Inventory:

Hand Weapons
 c - a +0 war axe
 e - a +0 short sword
 g - a +1 dagger of speed
 w - a +2 dagger of venom
Missiles
 r - 3 boomerangs
Armour
 a - a +0 robe (worn)
 f - a +0 pair of gloves (worn)
Jewellery
 b - a ring of see invisible (left hand)
 q - a +6 ring of strength (right hand)
Wands
 o - a wand of flame (18)
 u - a wand of paralysis (3)
Scrolls
 d - a scroll of fog
 p - 4 scrolls of teleportation
 s - a scroll of enchant weapon
 t - a scroll of magic mapping {unknown}
Potions
 i - 3 potions of heal wounds
 j - a potion of mutation {unknown}
 k - 2 potions of curing
 l - a potion of brilliance {unknown}
 m - a potion of haste {unknown}
 n - a potion of invisibility {unknown}
 v - a potion of cancellation {unknown}


   Skills:
 * Level 3.3 Fighting
 + Level 3.3 Dodging
 + Level 2.7 Stealth
 - Level 0.1 Unarmed Combat
 * Level 5.0 Spellcasting


You couldn't memorise any spells.
You knew the following spells:

 Your Spells              Type           Power      Damage    Failure   Level
a - Magic Dart            Conj           92%        1d7       1%          1
b - Searing Ray           Conj           46%        2d6       2%          2
c - Dazzling Flash        Conj/Hex       46%        N/A       4%          3
d - Fulminant Prism       Conj/Hex       11%        3d9       16%         4
e - Iskenderun's Mystic   Conj/Tloc      23%        2d6       16%         4
f - Sandblast             Erth           46%        2d11      1%          1
g - Passwall              Tmut/Erth      19%        N/A       2%          2
h - Call Canine Familiar  Summ           23%        N/A       4%          3
Your spell library was empty.

Dungeon Overview and Level Annotations

Branches:
Dungeon (5/15)
 Temple: D:4-7

Altars:
Makhleb
Uskayaw
Yredelemnul

Shops:
D:4 :


Innate Abilities, Weirdness & Mutations

You are immune to sickness and miasma.
You are immune to poison.
Your flesh is very heat resistant. (rF++)
You are vulnerable to cold. (rC-)
You float through the air rather than walking.
You learn spells naturally, not from books.
Your magical power is your life essence.
You have superior vitality. (+4 MHP)


Message History

The gnoll is heavily wounded. (Press . to maintain the ray.)
An iguana comes into view.
The gnoll hits you from afar with a +0 spear!
The searing ray hits the gnoll!
You kill the gnoll!
The searing ray hits the gnoll.
The gnoll is heavily wounded.
You finish channelling your searing ray.
The gnoll hits you with a +0 flail. The gnoll hits you with a +0 flail.
Casting: Searing Ray (safe; 2% risk of failure)
Confirm with . or Enter, or press ? or * to list all spells.
Aiming: Searing Ray (safe; 2% risk of failure)
Press: ? - help, Shift-Dir - straight line, f - gnoll
Aim: a gnoll, wielding a +0 spear (81% to hit)
The searing ray hits the gnoll!
The gnoll is almost dead.
The searing ray hits the gnoll!
The gnoll is severely wounded. (Press . to maintain the ray.)
The searing ray hits the gnoll.
The gnoll is almost dead.
The gnoll hits you with a +0 flail!
* * * LOW HITPOINT WARNING * * *
The gnoll hits you but does no damage.
The searing ray hits the gnoll.
The gnoll is almost dead.
The searing ray hits the iguana.
The iguana is moderately wounded.
* * * LOW HITPOINT WARNING * * *
The gnoll hits you but does no damage.
The gnoll hits you from afar with a +0 spear.
* * * LOW HITPOINT WARNING * * *
The searing ray hits the gnoll!
You kill the gnoll!
* * * LOW HITPOINT WARNING * * *
You finish channelling your searing ray.
The gnoll hits you with a +0 flail!
You die...

######### #..).l...
#.)# #.l# ###########
#g@# #[..)<....# #..#
#.#######.# #..#
.##.#######.###..#
...#.##..........#
###.###.###.##.........
#.....#.###.##.####.###
......§..##.##.# #
.≈≈.≈≈...##..#.#


You could see an iguana and a gnoll.

Vanquished Creatures
  A water moccasin (D:3)
  A necrophage (D:4)
  A jelly (D:4)
  2 orc priests (D:4)
  An iguana (D:4)
  Ijyb (D:4)
  4 gnolls (D:5)
  An adder (D:3)
  A white imp (D:5)
  A worm (D:2)
  A dart slug (D:1)
  6 orcs
  8 bats
  8 endoplasms
  5 giant cockroaches
  10 goblins
  7 hobgoblins
  5 jackals (D:2)
  12 kobolds
  2 quokkas (D:2)
  8 ball pythons
  A frilled lizard (D:1)
  7 rats
94 creatures vanquished.

Vanquished Creatures (others)
  12 plants
  10 withered plants (D:2)
22 creatures vanquished.

Grand Total: 116 creatures vanquished

Notes
Turn   | Place    | Note
-------+----------+-------------------------------------------
     0 | D:1      | booth the Djinni Conjurer began the quest for the Orb.
     0 | D:1      | booth set off with the following spells memorised: Magic
                  | Dart, Searing Ray, Dazzling Flash, Fulminant Prism,
                  | Iskenderun's Mystic Blast.
     0 | D:1      | Reached XP level 1. HP: 15/15 MP: 0/0
   178 | D:1      | Reached XP level 2. HP: 12/21 MP: 0/0
   803 | D:1      | Reached XP level 3. HP: 18/25 MP: 0/0
   803 | D:1      | Learned a level 1 spell: Sandblast
  1203 | D:1      | Reached skill level 4 in Spellcasting
  2172 | D:2      | Reached XP level 4. HP: 25/31 MP: 0/0
  2468 | D:2      | Found a burning altar of Makhleb.
  2569 | D:2      | Found a faded altar of an unknown god.
  2876 | D:3      | Found a hide-covered altar of Uskayaw.
  3109 | D:3      | Noticed a water moccasin
  3117 | D:3      | Killed a water moccasin
  3118 | D:3      | Reached XP level 5. HP: 17/38 MP: 0/0
  3118 | D:3      | Learned a level 2 spell: Passwall
  3398 | D:3      | Reached XP level 6. HP: 42/43 MP: 0/0
  4088 | D:4      | Found Wioshu's Self-Improvement Boutique.
  4491 | D:4      | Noticed Ijyb
  4497 | D:4      | Paralysed by Ijyb for 3 turns
  4503 | D:4      | Killed Ijyb
  4504 | D:4      | Reached XP level 7. HP: 35/50 MP: 0/0
  4504 | D:4      | Learned a level 3 spell: Call Canine Familiar
  4916 | D:5      | Entered Level 5 of the Dungeon
  4920 | D:5      | Reached skill level 5 in Spellcasting
  4929 | D:5      | Found a basalt altar of Yredelemnul.
  5019 | D:5      | Slain by a gnoll

Illustrated notes

Levels and vault maps discovered:
D:1:      noname_arrival_rooms_in_the_neighbourhood, layout_rooms,
          serial_bayou_pond_c, amcnicky_mini_pool_small,
          nicolae_kite_square_tiling_tiny
D:2:      layout_rooms, basic_altar, shapermc_ecumenical_altar_flowoftime,
          minmay_tiny_reverse_x
D:3:      layout_rooms, eat_drink_and_be_merry_uskayaw,
          lemuel_coloured_pillars_altar, hangedman_decor_lopped
D:4:      layout_basic, nicolae_shop_self_help, uniq_ijyb
D:5:      layout_loops_corners, mainiacjoe_overflow_small_starburst,
          amcnicky_altar_gilded, minmay_temple_entry_fiery,
          minmay_misc_feat_iff, serial_bayou_ford_a

Skill      XL: |  1  2  3  4  5  6  7 |
---------------+----------------------+-----
Spellcasting   | 4 5 |  5.0
Fighting       | 2 3 |  3.3
Stealth        | 2 |  2.7
Dodging        | 3 |  3.3
Unarmed Combat | |  0.1

Action                   |  1- 3 |  4- 6 |  7- 9 || total
-------------------------+-------+-------+-------++-------
Melee: Unarmed           |    41 |       |       ||    41
       Punch             |     1 |       |       ||     1
 Cast: Magic Dart        |    60 |    58 |     6 ||   124
       Searing Ray       |     8 |    11 |     6 ||    25
       Sandblast         |       |       |     1 ||     1
  Use: Scroll            |       |     6 |     1 ||     7
       Potion            |       |     1 |       ||     1
Armor: Robe              |    22 |     5 |     3 ||    30
Dodge: Dodged            |    48 |    15 |       ||    63
